 Dungeon Crawl Stone Soup version 0.31.0-12-g77e489cdc1 (webtiles) character file.

Game seed: 1335441738684124577

583 DildoBatman the Conjurer (level 7, -6/52 HPs)
             Began as a Formicid Conjurer on Feb 12, 2024.
             Mangled by an iguana (12 damage)
             ... on level 5 of the Dungeon.
             The game lasted 00:09:09 (3211 turns).

DildoBatman the Conjurer (Formicid Conjurer)        Turns: 3211, Time: 00:09:09

Health: -6/52      AC:  3    Str: 12    XL:     7   Next: 64%
Magic:  4/12       EV: 12    Int: 21    God:
Gold:   276        SH:  0    Dex: 12    Spells: 10/13 levels left

rFire   . . .        a - +4 sling "Elup" {elec, *Corrode rElec rC+ Int+2}
rCold   + . .        (no shield)
rNeg    . . .        t - +0 robe
rPois   .            (helmet unavailable)
rElec   +            (no cloak)
rCorr   .            c - +0 pair of gloves
SInv    +            (no boots)
Will    .....        (no amulet)
Stlth   ++           (no ring)
HPRegen 0.28/turn    (no ring)
MPRegen 0.13/turn

%: corrode self (3%)
@: no status effects
A: permanent stasis, dig shafts and tunnels, antennae 3, four strong arms
a: Dig, Shaft Self


You were on level 5 of the Dungeon.
You visited 1 branch of the dungeon, and saw 5 of its levels.
You also visited: Sewer.

You collected 276 gold pieces.

Inventory:

Hand Weapons
 a - the +4 sling "Elup" (weapon) {elec, *Corrode rElec rC+ Int+2}
   (You found it on level 2 of the Dungeon)

   Int+2:     It affects your intelligence (+2).
   rC+:       It protects you from cold.
   rElec:     It insulates you from electricity.
   *Corrode:  It may corrode you when you take damage.
Missiles
 d - 37 stones
 i - 2 curare-tipped darts
 o - 4 boomerangs
 q - 11 poisoned darts
Armour
 c - a +0 pair of gloves (worn)
 t - a +0 robe (worn)
 u - a +1 ring mail of positive energy
Wands
 y - a wand of acid (16)
 B - a wand of roots (13)
Scrolls
 e - a scroll of fear {unknown}
 g - a scroll of poison {unknown}
 h - 2 scrolls of fog {unknown}
 k - 4 scrolls of identify {unknown}
 n - 3 scrolls of enchant armour {unknown}
 p - 2 scrolls of vulnerability {unknown}
 r - 2 scrolls of blinking {unknown}
 v - 2 scrolls of teleportation {unknown}
 x - a scroll of revelation {unknown}
Potions
 b - 2 potions of magic
 f - 6 potions of haste {unknown}
 j - 2 potions of might {unknown}
 l - a potion of invisibility {unknown}
 m - 3 potions of mutation {unknown}
 s - a potion of curing {unknown}
 w - 3 potions of heal wounds {unknown}
 z - a potion of cancellation {unknown}
 A - a potion of degeneration {unknown}


   Skills:
 + Level 3.1 Fighting
 * Level 2.3 Throwing
 + Level 3.1 Armour
 - Level 3.0 Dodging
 - Level 4.0 Stealth
 + Level 3.6 Spellcasting
 + Level 4.6 Conjurations


You had 10 spell levels left.
You knew the following spells:

 Your Spells              Type           Power      Damage    Failure   Level
a - Searing Ray           Conj           46%        2d6       2%          2
c - Magic Dart            Conj           92%        1d7       1%          1

Your spell library contained the following spells:

 Spells                   Type           Power      Damage    Failure   Level
 Hailstorm                Conj/Ice       13%        3d6       14%         3
 Call Imp                 Summ           6%         N/A       19%         2
 Summon Ice Beast         Ice/Summ       3%         N/A       36%         3
 Fulminant Prism          Conj/Alch      6%         3d7       43%         4
 Iskenderun's Mystic Bla  Conj/Tloc      13%        2d5       43%         4
 Sculpt Simulacrum        Ice/Alch       1%         N/A       100%        6
 Blink                    Tloc           Unusable   N/A       N/A         2

Dungeon Overview and Level Annotations

Branches:
Dungeon (5/15)              Sewer (visited)
 Temple: D:4-7

Altars:
The Shining One

Shops:
D:4 :

Annotations:
D:4 exclusion: moth of wrath


Innate Abilities, Weirdness & Mutations

You cannot be hasted, slowed, berserked, paralysed or teleported.
You can dig through walls and to a lower floor.
You have a pair of large antennae on your head. (SInv)
Your four strong arms can wield two-handed weapons with a shield.


Message History

An iguana comes into view.
You feel sick.
You shoot a sling bullet.
The sling bullet hits the iguana but does no damage.
The iguana hisses angrily.
You feel very sick.
No target in view!
You feel sick.
You feel sick.
There is an open door here.
You see here a scorpion corpse.
You shoot a sling bullet.
The sling bullet barely misses the iguana.
You feel sick.
You shoot a sling bullet.
The sling bullet barely misses the iguana.
You feel sick.
You shoot a sling bullet.
The sling bullet barely misses the iguana.
You feel sick.
You are no longer poisoned.
Casting: Searing Ray (safe; 2% risk of failure)
Confirm with . or Enter, or press ? or * to list all spells.
Aiming: Searing Ray (safe; 2% risk of failure)
Press: ? - help, Shift-Dir - straight line, f/p - iguana
Aim: an iguana (81% to hit)
The searing ray hits the iguana.
The iguana is lightly wounded. (Press . to maintain the ray.)
The searing ray hits the iguana but does no damage.
The iguana is lightly wounded.
The iguana bites you!
The searing ray hits the iguana!
The iguana is heavily wounded.
The iguana barely misses you.
The searing ray hits the iguana.
The iguana is severely wounded.
You finish channelling your searing ray.
The iguana bites you!
You die...

#.#~~~~~#...............#...'...[
#.#######.#.########....'...#....
#.........#.####..##...##...##...
######.................####'##...
#..................+...##...
##.....##..........#...#....
#.....##..........#...#....
............##...##...#....
.......####@###...##...##...
........##..l.##...#######...
#...................
#...................
+>...................
##....##............. #....#
...##........ #....#
...##........ ...... ............


You could see an iguana.

Vanquished Creatures
  An ogre (D:5)
  A phantom (D:4)
  A scorpion (D:5)
  A bombardier beetle (D:4)
  A gnoll bouda (D:4)
  An iguana (D:5)
  2 orc wizards
  A hell rat (Sewer)
  An adder (D:5)
  5 gnolls (D:4)
  5 river rats
  3 dart slugs
  2 ribbon worms (D:3)
  7 orcs
  6 bats
  5 endoplasms
  9 goblins
  9 hobgoblins
  2 quokkas
  7 ball pythons
  5 frilled lizards
  7 kobolds
  17 rats
99 creatures vanquished.

Notes
Turn   | Place    | Note
-------+----------+-------------------------------------------
     0 | D:1      | DildoBatman the Formicid Conjurer began the quest for the
                  | Orb.
     0 | D:1      | Reached XP level 1. HP: 13/13 MP: 3/3
   224 | D:1      | Reached XP level 2. HP: 20/20 MP: 3/5
   227 | D:1      | Learned a level 2 spell: Searing Ray
   864 | D:2      | Reached XP level 3. HP: 24/24 MP: 6/6
   870 | D:2      | Found a faded altar of an unknown god.
   887 | D:2      | Reached skill level 1 in Fighting
   995 | D:2      | Reached skill level 1 in Armour
  1094 | D:2      | Identified the +4 sling "Elup" {elec, *Corrode rElec rC+
                  | Int+2}
  1428 | D:3      | Reached XP level 4. HP: 31/32 MP: 2/7
  1943 | D:4      | Reached XP level 5. HP: 37/38 MP: 9/9
  1990 | D:4      | Found Ycehuupto's Tiny Tomes.
  2016 | D:4      | Noticed a phantom
  2029 | D:4      | Killed a phantom
  2030 | D:4      | Reached XP level 6. HP: 20/44 MP: 0/10
  2212 | D:4      | Noticed a moth of wrath
  2358 | D:4      | Found a glowing golden altar of the Shining One.
  2781 | D:5      | Entered Level 5 of the Dungeon
  2801 | D:5      | Noticed an ogre
  2805 | D:5      | Killed an ogre
  2806 | D:5      | Reached skill level 1 in Throwing
  2806 | D:5      | Reached XP level 7. HP: 51/51 MP: 10/12
  2980 | D:5      | Found a glowing drain.
  3019 | Sewer    | Entered a sewer
  3211 | D:5      | Mangled by an iguana

Illustrated notes

Levels and vault maps discovered:
D:1:      moated_graveyard_arrival, layout_basic
D:2:      layout_loops_ring, ebering_ecumenical_altar_rust, serial_park_tiny_2
D:3:      layout_basic, nicolae_the_louvre
D:4:      layout_basic, mainiacjoe_overflow_brackets, tgw_trog,
          nicolae_shop_i_like_small_books_too
D:5:      layout_gridville, portal_sewer_entry_c

Skill      XL: |  1  2  3  4  5  6  7 |
---------------+----------------------+-----
Fighting       | 1 2 3 |  3.1
Dodging        | 2 3 |  3.0
Armour         | 1 2 3 |  3.1
Stealth        | 3 4 |  4.0
Conjurations   | 4 |  4.6
Spellcasting   | 3 |  3.6
Throwing       | 1 2 |  2.3

Action                     |  1- 3 |  4- 6 |  7- 9 || total
---------------------------+-------+-------+-------++-------
  Melee: Spear             |    18 |       |       ||    18
         Short sword       |    23 |       |       ||    23
   Fire: Sling             |    25 |    89 |    44 ||   158
   Cast: Magic Dart        |    33 |       |       ||    33
         Searing Ray       |     3 |     7 |     5 ||    15
   Stab: Sleeping          |     3 |       |       ||     3
 Armour: Robe              |    26 |    18 |    19 ||    63
  Dodge: Dodged            |    38 |    20 |    28 ||    86
